 Dungeon Crawl Stone Soup version 0.28.0-43-g3370ac3207 (webtiles) character file.

Game seed: 13782932446715305220

56 sking99 the Firebug (level 3, -3/20 HPs)
             Began as a Deep Elf Fire Elementalist on Mar 15, 2022.
             Slain by a gnoll
             ... wielding a +0 halberd
              (12 damage)
             ... on level 2 of the Dungeon.
             The game lasted 00:04:21 (1736 turns).

sking99 the Firebug (Deep Elf Fire Elementalist)    Turns: 1736, Time: 00:04:21

Health: -3/20      AC:  2    Str:  7    XL:     3   Next: 69%
Magic:  2/10       EV: 12    Int: 19    God:
Gold:   78         SH:  0    Dex: 15    Spells: 2/9 levels left

rFire   . . .      SeeInvis .   g - +0 dagger (venom)
rCold   . . .      Faith    .   (no shield)
rNeg    . . .      Spirit   .   a - +0 robe
rPois   .          Reflect  .   (no helmet)
rElec   .          Harm     .   (no cloak)
rCorr   .          Rampage  .   (no gloves)
Will    .....                   (no boots)
Stlth   ++........              (no amulet)
HPRegen 0.06/turn               (no ring)
MPRegen 0.12/turn               (no ring)

@: no status effects
A: no striking features
a: no special abilities


You were on level 2 of the Dungeon.
You visited 1 branch of the dungeon, and saw 2 of its levels.

You collected 78 gold pieces.

Inventory:

Hand Weapons
 g - a +0 dagger of venom (weapon)
Armour
 a - a +0 robe (worn)
Magical Staves
 e - a staff of air
Jewellery
 c - a ring of resist corrosion
Scrolls
 b - 2 scrolls of noise {unknown}
 i - 2 scrolls of teleportation {unknown}
 j - a scroll of enchant weapon {unknown}
 k - a scroll of identify {unknown}
Potions
 d - a potion of curing {unknown}
 f - a potion of brilliance {unknown}
 h - a potion of cancellation {unknown}


   Skills:
 * Level 1.6 Fighting
 - Level 2.4 Dodging
 - Level 2.4 Stealth
 + Level 3.6 Spellcasting
 + Level 2.0 Conjurations
 + Level 3.7 Fire Magic


You had 2 spell levels left.
You knew the following spells:

 Your Spells              Type           Power      Damage    Failure   Level
a - Foxfire               Conj/Fire      56%        2x1d6     4%          1
b - Magic Dart            Conj           44%        1d5       6%          1
c - Scorch                Fire           34%        2d6       4%          2
d - Inner Flame           Hex/Fire       10%        N/A       21%         3

Your spell library contained the following spells:

 Spells                   Type           Power      Damage    Failure   Level
 Call Imp                 Summ           3%         N/A       22%         2
 Conjure Flame            Conj/Fire      14%        6-21      13%         3
 Mephitic Cloud           Conj/Pois/Air  5%         N/A       32%         3
 Flame Wave               Conj/Fire      14%        2d6       41%         4


Dungeon Overview and Level Annotations

Branches:
Dungeon (2/15)

Altars:


Message History

Aim: a gnoll, wielding a +0 halberd (heavily wounded, 100% to hit)
The magic dart hits the gnoll.
The gnoll is severely wounded.
Casting: Magic Dart (safe; 7% risk of failure)
Confirm with . or Enter, or press ? or * to list all spells.
Aiming: Magic Dart (safe; 7% risk of failure)
Press: ? - help, Shift-Dir - straight line, f/p - gnoll
Aim: a gnoll, wielding a +0 halberd (severely wounded, 100% to hit)
The magic dart hits the gnoll.
The gnoll is severely wounded.
The gnoll hits you from afar with a +0 halberd!
Casting: Magic Dart (safe; 7% risk of failure)
Confirm with . or Enter, or press ? or * to list all spells.
Aiming: Magic Dart (safe; 7% risk of failure)
Press: ? - help, Shift-Dir - straight line, f/p - gnoll
Aim: a gnoll, wielding a +0 halberd (severely wounded, 100% to hit)
The magic dart hits the gnoll.
The gnoll is almost dead.
Your magical contamination has completely faded away.
Casting: Magic Dart (safe; 7% risk of failure)
Confirm with . or Enter, or press ? or * to list all spells.
Flames lash the gnoll.
The gnoll is severely wounded.
The gnoll's fire resistance burns away.
The gnoll hits you from afar with a +0 spear.
Casting: Scorch (safe; 4% risk of failure)
Confirm with . or Enter, or press ? or * to list all spells.
Flames lash the gnoll.
The gnoll is burned terribly!
You kill the gnoll!
Your Conjurations skill increases to level 2!
Casting: Scorch (safe; 4% risk of failure)
Confirm with . or Enter, or press ? or * to list all spells.
You miscast Scorch.
You are very lightly contaminated with residual magic.
Nothing appears to happen.
The gnoll closely misses you.
Your magical contamination has completely faded away.
There is a stone staircase leading up here.
The gnoll hits you from afar with a +0 halberd!
Ouch! That really hurt!
You die...

......# #..###..######.#
##.#### ###..###..# #.#
##.# #.........# #g## ...##
# #.#..###.## #.g. #...#
#.##.#g.###.# ###. #...#
#...........#### #g #...#
####g###.......# #.
#...##########...##.......#
#g
........#.##....@##.......#
##.
...........#....†.........#
#..
........#.##....###..>....#
#.# #...#####.##.#.##
#.......# #.# #...#
#.†.....# #.......# #.#
#...# #.##.#..# #########
#.# #...# #.##.#..# #.#
##.## #.##.#..# #.# #.
#........ #.#


You could see a gnoll.

Vanquished Creatures
  2 gnolls
  2 dart slugs
  4 endoplasms
  2 giant cockroaches (D:1)
  3 goblins (D:1)
  2 hobgoblins (D:1)
  2 quokkas
  3 ball pythons
  4 bats
  3 frilled lizards (D:1)
  2 kobolds (D:1)
29 creatures vanquished.

Vanquished Creatures (others)
  89 foxfires
89 creatures vanquished.

Grand Total: 118 creatures vanquished

Notes
Turn   | Place    | Note
-------+----------+-------------------------------------------
     0 | D:1      | sking99 the Deep Elf Fire Elementalist began the quest for
                  | the Orb.
     0 | D:1      | Reached XP level 1. HP: 10/10 MP: 6/6
   149 | D:1      | Found a faded altar of an unknown god.
   422 | D:1      | Reached XP level 2. HP: 16/16 MP: 4/8
   679 | D:1      | Reached skill level 1 in Fighting
  1075 | D:1      | Reached XP level 3. HP: 20/20 MP: 2/9
  1135 | D:1      | Learned a level 2 spell: Scorch
  1139 | D:1      | Learned a level 3 spell: Inner Flame
  1414 | D:2      | Learned a level 1 spell: Magic Dart
  1736 | D:2      | Slain by a gnoll

Illustrated notes

Levels and vault maps discovered:
D:1:      dpeg_arrival_court, layout_basic, chequers_ecumenical_altar_simple
D:2:      layout_loops_cross, minmay_crystal_room

Skill      XL: |  1  2  3 |
---------------+----------+-----
Fighting       | 1 |  1.6
Conjurations   | 2 |  2.0
Dodging        | |  2.4
Stealth        | |  2.4
Spellcasting   | |  3.6
Fire Magic     | |  3.7

Action                   || total
-------------------------++-------
 Cast: Foxfire           ||    59
       Magic Dart        ||    16
       Scorch            ||     3
Dodge: Dodged            ||     3
